 Dungeon Crawl Stone Soup version 0.30.1-11-g7821555f0a (webtiles) character file.

Game seed: 6687266848923889864

156 ChrisAssaf the Shooter (level 5, -19/39 HPs)
             Began as a Demonspawn Hunter on Nov 14, 2023.
             Was an Initiate of Fedhas.
             Demolished by an ogre
             ... wielding a +0 giant spiked club
              (26 damage)
             ... on level 4 of the Dungeon.
             The game lasted 00:05:47 (928 turns).

ChrisAssaf the Shooter (Demonspawn Hunter)           Turns: 928, Time: 00:05:47

Health: -19/39     AC:  8    Str: 10 (11) XL:     5   Next: 14%
Magic:  5/5        EV: 11    Int: 11 (13) God:    Fedhas [......]
Gold:   57         SH:  0    Dex: 13 (16) Spells: 5/5 levels left

rFire   + + .        e - +4 dagger (flame)
rCold   + . .        (no shield)
rNeg    . . .        m - +2 leather armour {rF+}
rPois   +            (no helmet)
rElec   +            (no cloak)
rCorr   +            (no gloves)
SInv    .            (no boots)
Will    .....        (no amulet)
Stlth   ++           (no ring)
HPRegen 0.26/turn    (no ring)
MPRegen 0.09/turn

%: no passive effects
@: mighty, resistant
A: molten scales 2
a: Renounce Religion


You were on level 4 of the Dungeon.
You worshipped Fedhas.
Fedhas was noncommittal.
You visited 1 branch of the dungeon, and saw 4 of its levels.

You collected 57 gold pieces.

Inventory:

Hand Weapons
 a - a +0 shortbow
 e - a +4 dagger of flaming (weapon)
Armour
 c - a +0 leather armour
 m - a +2 leather armour of fire resistance (worn)
Scrolls
 b - a scroll of immolation
 f - a scroll of identify {unknown}
 g - a scroll of amnesia {unknown}
 j - a scroll of teleportation {unknown}
 l - a scroll of noise {unknown}
Potions
 d - a potion of degeneration
 h - a potion of lignification {unknown}
 i - a potion of resistance
 k - a potion of attraction {unknown}


   Skills:
 * Level 2.4 Fighting
 * Level 0.7 Short Blades
 * Level 4.8 Ranged Weapons
 * Level 1.1 Armour
 * Level 2.2 Dodging
 * Level 1.6 Stealth
 * Level 0.6 Spellcasting
 * Level 0.7 Invocations


You had 5 spell levels left.
You didn't know any spells.
Your spell library was empty.

Dungeon Overview and Level Annotations

Branches:
Dungeon (3/15)

Altars:
Fedhas


Innate Abilities, Weirdness & Mutations

You are mostly covered in molten scales. (AC +3)


Message History

You hit the phantom. You burn the phantom.
You destroy the phantom!
Fedhas accepts your kill.
Your Armour skill increases to level 1!
You have reached level 5!
Your +4 dagger of flaming stops flaming.
a - a +0 shortbow (weapon)
Fire: a) +0 shortbow
Press: ? - help, Q - select action Shift-Dir - straight line, f - ogre
Aim: an ogre, wielding a +0 giant spiked club (77% to hit)
You shoot an arrow.
The arrow hits the ogre but does no damage.
The ogre attacks as you move away!
The ogre hits you with a +0 giant spiked club!
Fire: a) +0 shortbow
Press: ? - help, Q - select action Shift-Dir - straight line, f/p - ogre
Aim: an ogre, wielding a +0 giant spiked club (77% to hit)
You shoot an arrow.
The arrow hits the ogre but does no damage.
The ogre attacks as you move away! The ogre closely misses you.
You see here a ball python corpse.
Your +4 dagger of flaming bursts into flame!
e - a +4 dagger of flaming (weapon)
It was a potion of degeneration.
There was something very wrong with that liquid.
You feel weakened.
You feel dopey.
You feel clumsy. The ogre barely misses you.
It was a potion of resistance.
You feel protected.
The ogre hits you with a +0 giant spiked club!
* * * LOW HITPOINT WARNING * * *
It was a potion of might.
You feel very mighty all of a sudden.
You barely miss the ogre. The ogre closely misses you.
You puncture the ogre! You burn the ogre.
The ogre is heavily wounded.
The ogre hits you with a +0 giant spiked club!!
Ouch! That really hurt!
You die...
Fedhas appreciates your contribution to the ecosystem.

#...### ##....#
##########.##
#.......8...## #.
#.⌠8......)..# #..
#.8#######)..#
#...#..#.........#
O#...#8.#.........#
.....#..#.....†O@.#
#................#
#...............##
.##......##.....##
........!..####..#
........##.........
..........##........
........#...#.......
.......####.#.....


You could see an ogre.

Vanquished Creatures
  A phantom (D:4)
  4 adders
  A worm (D:2)
  A dart slug (D:4)
  2 orcs
  7 ball pythons
  A bat (D:1)
  2 endoplasms
  A giant cockroach (D:3)
  6 goblins
  A hobgoblin (D:1)
  3 jackals (D:2)
  2 quokkas (D:1)
  3 frilled lizards
  2 kobolds
37 creatures vanquished.

Notes
Turn   | Place    | Note
-------+----------+-------------------------------------------
     0 | D:1      | ChrisAssaf the Demonspawn Hunter began the quest for the
                  | Orb.
     0 | D:1      | Reached XP level 1. HP: 16/16 MP: 1/1
    64 | D:1      | Reached skill level 1 in Stealth
    73 | D:1      | Gained mutation: You are partially covered in molten
                  | scales. (AC +2) [demonic ancestry]
    73 | D:1      | Reached XP level 2. HP: 18/22 MP: 2/2
   182 | D:2      | Reached skill level 4 in Ranged Weapons
   361 | D:2      | Found a blossoming altar of Fedhas.
   369 | D:2      | Became a worshipper of Fedhas Madash
   398 | D:2      | Gained mutation: You are mostly covered in molten scales.
                  | (AC +3) [demonic ancestry]
   398 | D:2      | Reached XP level 3. HP: 27/27 MP: 3/3
   686 | D:3      | Reached XP level 4. HP: 18/33 MP: 4/4
   818 | D:3      | You fall into a shaft and drop 1 floor!
   881 | D:4      | Noticed an ogre
   881 | D:4      | Noticed a phantom
   913 | D:4      | Killed a phantom
   914 | D:4      | Reached skill level 1 in Armour
   914 | D:4      | Reached XP level 5. HP: 19/39 MP: 5/5
   928 | D:4      | Demolished by an ogre

Illustrated notes

Levels and vault maps discovered:
D:1:      dpeg_arrival_rooms_b, layout_loops_ring, serial_shops,
          nicolae_shop_pleasant_corner_grove, minmay_lizard_king
D:2:      layout_basic, basic_altar
D:3:      layout_loops_ring, dreamdust_princess_corridor
D:4:      layout_rooms, minmay_temple_entry_fiery, chequers_decorated_corner

Skill      XL: |  1  2  3  4 |
---------------+-------------+-----
Stealth        | 1 |  1.6
Ranged Weapons | 4 |  4.8
Dodging        | 2 |  2.2
Armour         | 1 |  1.1
Fighting       | |  2.4
Short Blades   | |  0.7
Spellcasting   | |  0.6
Invocations    | |  0.7

Action                     |  1- 3 |  4- 6 || total
---------------------------+-------+-------++-------
  Melee: Dagger            |    33 |    26 ||    59
         Punch             |       |     1 ||     1
   Fire: Shortbow          |    62 |    13 ||    75
    Use: Potion            |       |     3 ||     3
 Armour: Leather armour    |    20 |     6 ||    26
  Dodge: Dodged            |    41 |    18 ||    59
